 Dungeon Crawl Stone Soup version 0.23-a0-629-gae4348f (webtiles) character file.

48 Matador8 the Vexing (level 3, 0/24 HPs)
             Began as a Vampire Enchanter on Dec 26, 2018.
             Succumbed to an adder's poison
             ... on level 2 of the Dungeon.
             The game lasted 00:06:35 (1931 turns).

Matador8 the Vexing (Vampire Enchanter)             Turns: 1931, Time: 00:06:36

Health: 0/24       AC:  2    Str:  8    XL:     3   Next: 50%
Magic:  0/6        EV: 12    Int: 17    God:
Gold:   29         SH:  0    Dex: 14    Spells: 0/6 levels left

rFire    . . .     SeeInvis +   a - +1 dagger
rCold    + . .     Gourm    .   (no shield)
rNeg     + + .     Faith    .   b - +0 robe
rPois    +         Spirit   .   (no helmet)
rElec    .         Reflect  .   (no cloak)
rCorr    .         Harm     .   (no gloves)
MR       .....                  (no boots)
Stlth    ++++......             (no amulet)
HPRegen  0.04/turn              (no ring)
MPRegen  0.10/turn              (no ring)

@: lethally poisoned (0 -> -14), flying, very slightly contaminated,
regenerating slowly
A: fangs 3, see invisible, unbreathing
a: Bat Form


You were on level 2 of the Dungeon.
You were thirsty.

You visited 1 branch of the dungeon, and saw 2 of its levels.

You collected 29 gold pieces.

Inventory:

Hand Weapons
 a - a +1 dagger (weapon)
Missiles
 f - 6 silver tomahawks (quivered)
Armour
 b - a +0 robe (worn)
 c - a +0 scale mail
 j - a +0 ring mail
Wands
 k - a wand of polymorph (8)
Scrolls
 g - 3 scrolls of remove curse {unknown}
 h - 2 scrolls of blinking {unknown}
 i - 2 scrolls of teleportation {unknown}
 l - a scroll of fear {unknown}
Potions
 d - 7 potions of blood
 e - a potion of flight


   Skills:
 + Level 2.3 Short Blades
 - Level 2.1 Dodging
 + Level 5.3 Stealth
 - Level 2.0 Spellcasting
 + Level 5.3 Hexes


You couldn't memorise any spells.
You knew the following spells:

 Your Spells              Type           Power        Failure   Level  Hunger
a - Corona                Hex            ###....      2%          1    #......
b - Ensorcelled Hibernat  Hex/Ice        ##....       10%         2    ###....
c - Confuse               Hex            ###.....     7%          3    ###....

Your spell library contained the following spells:

 Spells                   Type           Power        Failure   Level  Hunger
 Tukima's Dance           Hex            ###.....     7%          3    ###....
 Dazzling Spray           Conj/Hex       ##....       21%         3    ###....


Dungeon Overview and Level Annotations

Branches:
Dungeon (2/15)

Altars:


Innate Abilities, Weirdness & Mutations

You heal slowly.
You have razor-sharp teeth.
You have supernaturally acute eyesight. (SInv)
You can survive without breathing.


Message History

Aim: an adder (chance to defeat MR: 66%)
The adder is outlined in light.
You feel sick. The adder closely misses you. x2
You hit the adder.
The adder is moderately wounded.
The adder bites you.
You hit the adder.
The adder is heavily wounded.
You feel sick. The adder bites you.
* * * LOW HITPOINT WARNING * * *
You hit the adder.
The adder is almost dead.
The adder bites you.
* * * LOW HITPOINT WARNING * * *
You are more poisoned.
The adder poisons you!
You hit the adder.
You kill the adder!
* * * LOW HITPOINT WARNING * * *
You feel sick.
You die...

## .# .# ##### .#######...#
.......#...# .#####.#...#
######
.#.###.#...###########....#
.#.....+...'....@....'....+
.#.###.#...###########....#
.....#.#...####### #....#
##.#.#.#..........# ######
.....#.#.########.###
............).......+
.##.##.#.#.##..##.#.
.......#.#.##)....#
.##..###+#.##...###


There were no monsters in sight!

Vanquished Creatures
  An adder (D:2)
  5 dart slugs
  A leopard gecko (D:1)
  5 bats
  5 goblins
  2 hobgoblins
  4 kobolds
  A quokka (D:2)
  A frilled lizard (D:1)
  3 rats
28 creatures vanquished.

Notes
Turn   | Place    | Note
-------+----------+-------------------------------------------
     0 | D:1      | Matador8 the Vampire Enchanter began the quest for the Orb.
     0 | D:1      | Reached XP level 1. HP: 13/13 MP: 3/3
   219 | D:1      | Reached XP level 2. HP: 9/19 MP: 3/5
   224 | D:1      | Learned a level 2 spell: Ensorcelled Hibernation
   432 | D:1      | Reached skill level 5 in Stealth
   872 | D:1      | Reached skill level 5 in Hexes
  1477 | D:2      | Reached XP level 3. HP: 20/24 MP: 4/6
  1825 | D:2      | Learned a level 3 spell: Confuse
  1930 | D:2      | HP: 1/24 [poisoned by an adder]
  1931 | D:2      | Succumbed to an adder's poison

Vault maps used:
D:1:      saegor_arrival_simple_d

Skill      XL: |  1  2 |
---------------+-------+-----
Stealth        | 5 |  5.3
Short Blades   | 2 |  2.3
Hexes          | 5 |  5.3
Dodging        | |  2.1
Spellcasting   | |  2.0

Action                   || total
-------------------------++-------
Melee: Dagger            ||   108
       Bite              ||     9
 Cast: Corona            ||    20
       Ensorcelled Hiber ||     3
  Use: Potion            ||     1
 Stab: Sleeping          ||     8
  Eat: Corpse            ||     3
Armor: Robe              ||    22
Dodge: Dodged            ||    87

Table legend:
 A = Non-vault XP
 B = Vault XP
 C = Vault XP percentage of total XP
 D = Non-vault monster count
 E = Vault monster count
 F = Vault count percentage of total count
                 A         B        C        D         E       F
            +---------+---------+-------+---------+---------+-------
      Total |      69 |       0 |   0.0 |      28 |       0 |   0.0
            +---------+---------+-------+---------+---------+-------
        D:1 |      37 |       0 |   0.0 |      17 |       0 |   0.0
        D:2 |      32 |       0 |   0.0 |      11 |       0 |   0.0
            +---------+---------+-------+---------+---------+-------
